 Dungeon Crawl Stone Soup version 0.31.0-9-g3a7656b989 (webtiles) character file.

Game seed: 14169667058273390780

483 qw the Shooter (level 6, -1/30 HPs)
             Began as a Spriggan Hunter on Feb 2, 2024.
             Incinerated by a bombardier beetle (6 damage)
             ... with a burning spray
             ... on level 4 of the Dungeon.
             The game lasted 00:00:09 (2826 turns).

qw the Shooter (Spriggan Hunter)                    Turns: 2826, Time: 00:00:09

Health: -1/30      AC:  5    Str:  7    XL:     6   Next: 87%
Magic:  7/7        EV: 21    Int: 10    God:
Gold:   243        SH:  0    Dex: 21    Spells: 5/5 levels left

rFire   . . .        h - +0 orcbow
rCold   . . .        (shield currently unavailable)
rNeg    . . .        c - +0 robe
rPois   .            (helmet restricted)
rElec   .            b - +2 cloak
rCorr   .            (gloves unavailable)
SInv    +            (boots unavailable)
Will    +....        (no amulet)
Stlth   +            d - +4 ring of slaying {mikee}
HPRegen 0.25/turn    (no ring)
MPRegen 0.10/turn

%: no passive effects
@: on fire, glowing, very quick
A: very small, no large weapons, unfitting armour, see invisible, speed 3
a: no special abilities


You were on level 4 of the Dungeon.
You visited 1 branch of the dungeon, and saw 4 of its levels.
You also visited: Sewer.

You collected 243 gold pieces.


Innate Abilities, Weirdness & Mutations

You are very small and have problems with some larger weapons.
You are too small for most types of armour.
You have supernaturally acute eyesight. (SInv)
You cover ground extremely quickly. (Speed+++)


   Skills:
 - Level 2.0 Fighting
 - Level 7.0 Ranged Weapons
 + Level 6.0 Dodging
 - Level 1.5 Stealth


You had 5 spell levels left.
You didn't know any spells.
Your spell library was empty.

Inventory:

Hand Weapons
 h - a +0 orcbow (weapon)
Armour
 b - a +2 cloak (worn)
 c - a +0 robe (worn)
Jewellery
 d - a +4 ring of slaying (left hand) {mikee}
Scrolls
 f - 4 scrolls of teleportation
Potions
 e - a potion of curing
 g - a potion of ambrosia {unknown}
 j - a potion of heal wounds

Dungeon Overview and Level Annotations

Branches:
Dungeon (4/15)              Sewer (visited)
 Temple: D:4-7

Altars:
Vehumet

Annotations:
D:3 1 runed translucent door, Crazy Yiuf


Message History

You now have 243 gold pieces (gained 11).
Found a stone staircase leading down.
Enter note:
Enter note:
Enter note:
Enter note: A scorpion comes into view.
You shoot an arrow. The arrow hits the scorpion.
The scorpion is lightly wounded.
You shoot an arrow. The arrow hits the scorpion!
The scorpion is heavily wounded.
You shoot an arrow. The arrow hits the scorpion!
You kill the scorpion!
A bombardier beetle comes into view.
You shoot an arrow.
The arrow hits the bombardier beetle but does no damage.
You shoot an arrow. The arrow hits the bombardier beetle!
The bombardier beetle is severely wounded.
The bombardier beetle sprays incendiary fluid at you.
The burning spray hits you.
You are covered in liquid fire!
You shoot an arrow. The arrow hits the bombardier beetle!
You kill the bombardier beetle!
The liquid fire burns you!
Your Ranged Weapons skill increases to level 7!
You are on fire!
The liquid fire burns you!
You are on fire!
The liquid fire burns you!
You are on fire!
The liquid fire burns you!
You are on fire!
The liquid fire burns you!
You are on fire!
The liquid fire burns you!
You are on fire!
The liquid fire burns you!
You are on fire!
The liquid fire burns you!
You die...

. ##. .. # ..###
#.# .# . ....##.#
##. .. #....# #.#
# ... ##..## ##.#
## #..
##....####..# #.
#.%
##..###..#...####.
###...#..##
###..#..#..#
.......@##
#.###....#
.....##.# #.#
##..## .... #..
#.# ##..< ... ##.#
#.. #... .. .. #..
..## # ... ..> ..#
.#. ##.. ...##
.#.. ..... .....


There were no monsters in sight!

Vanquished Creatures
  A crocodile (Sewer)
  A brain worm (Sewer)
  A scorpion (D:4)
  A bombardier beetle (D:4)
  A jelly (D:4)
  An iguana (D:4)
  Terence (D:2)
  A statue (D:3)
  An adder (D:3)
  4 gnolls (D:4)
  3 river rats (D:3)
  A ribbon worm (D:2)
  2 dart slugs (D:1)
  3 orcs (D:4)
  7 ball pythons
  3 endoplasms
  2 giant cockroaches (D:2)
  2 goblins (D:1)
  6 hobgoblins
  2 quokkas
  10 bats
  5 frilled lizards
  5 kobolds
  9 rats
73 creatures vanquished.

Notes
Turn   | Place    | Note
-------+----------+-------------------------------------------
     0 | D:1      | qw the Spriggan Hunter began the quest for the Orb.
     0 | D:1      | Reached XP level 1. HP: 10/10 MP: 2/2
     0 | D:1      | 0 ||| qw: Version: 0.3-a-155-g5e7d8dd
     0 | D:1      | 0 ||| qw: Game counter: 674
     0 | D:1      | 0 ||| qw: Melee chars always use a shield: true
     0 | D:1      | 0 ||| qw: God list: Okawaru
     0 | D:1      | 0 ||| qw: Allow faded altars: false
     0 | D:1      | 0 ||| qw: Do Orc after clearing Dungeon:15 true
     0 | D:1      | 0 ||| qw: Do second Lair branch before Depths: true
     0 | D:1      | 0 ||| qw: Lair rune preference: random
     0 | D:1      | 0 ||| qw: Goals: Normal
     0 | D:1      | 0 ||| PLANNING D:1-11
    48 | D:1      | Reached skill level 3 in Dodging
   157 | D:1      | Reached XP level 2. HP: 14/14 MP: 3/3
   677 | D:1      | 677 ||| READING 2 scrolls labelled PUVAROPS UXOTS.
   678 | D:1      | 678 ||| READING 2 scrolls labelled REIKYPHEAF.
   678 | D:1      | 678 ||| IDENTIFYING lumpy blue potion
   679 | D:1      | 679 ||| READING scroll of identify.
   679 | D:1      | 679 ||| IDENTIFYING black potion
   680 | D:1      | 680 ||| READING 2 scrolls labelled GUBOLU ZIGAREO.
   681 | D:1      | 681 ||| DROPPING scroll of butterflies.
   682 | D:1      | 682 ||| DROPPING potion of lignification.
   683 | D:1      | 683 ||| DROPPING scroll of amnesia.
   684 | D:1      | 684 ||| DROPPING scroll of noise.
   925 | D:2      | Reached XP level 3. HP: 18/18 MP: 4/4
  1175 | D:2      | Noticed Terence
  1182 | D:2      | Killed Terence
  1185 | D:2      | Reached skill level 5 in Ranged Weapons
  1484 | D:2      | 1484 ||| UPGRADING to +0 cloak.
  1489 | D:2      | 1489 ||| UPGRADING to +4 ring of slaying {mikee}.
  1490 | D:2      | 1490 ||| READING 2 scrolls of identify.
  1490 | D:2      | 1490 ||| IDENTIFYING viscous sapphire potion
  1491 | D:2      | 1491 ||| READING scroll of identify.
  1491 | D:2      | 1491 ||| IDENTIFYING smoky blue potion
  1492 | D:2      | 1492 ||| READING 2 scrolls labelled PALILI JAKHLUAVVI.
  1492 | D:2      | 1492 ||| ENCHANTING +0 cloak.
  1493 | D:2      | 1493 ||| READING scroll of enchant armour.
  1493 | D:2      | 1493 ||| ENCHANTING +1 cloak.
  1494 | D:2      | 1494 ||| READING scroll labelled BEYSURE INAU.
  1495 | D:2      | 1495 ||| DROPPING potion of magic.
  1526 | D:3      | 1526 ||| PLANNING SEWER
  1583 | D:3      | Found a radiant altar of Vehumet.
  1583 | D:3      | Noticed a charred statue
  1584 | D:3      | 1584 ||| DRINKING potion of haste.
  1588 | D:3      | 1588 ||| FLEEEEING.
  1589 | D:3      | 1589 ||| FLEEEEING.
  1590 | D:3      | 1590 ||| FLEEEEING.
  1594 | D:3      | 1594 ||| FLEEEEING.
  1595 | D:3      | 1595 ||| FLEEEEING.
  1660 | D:3      | 1660 ||| FLEEEEING.
  1676 | D:3      | Killed a charred statue
  1677 | D:3      | Reached XP level 4. HP: 22/22 MP: 5/5
  1716 | D:3      | Found a faded altar of an unknown god.
  2174 | D:3      | Found a runed translucent door.
  2175 | D:3      | Noticed Crazy Yiuf
  2248 | D:3      | Found a glowing drain.
  2249 | D:3      | 2249 ||| READING scroll of identify.
  2249 | D:3      | 2249 ||| IDENTIFYING fuming emerald potion
  2280 | Sewer    | Entered a sewer
  2298 | Sewer    | Noticed a brain worm
  2302 | Sewer    | Killed a brain worm
  2303 | Sewer    | Reached XP level 5. HP: 26/26 MP: 6/6
  2320 | Sewer    | Noticed a crocodile
  2327 | Sewer    | Killed a crocodile
  2328 | Sewer    | Reached skill level 6 in Ranged Weapons
  2328 | Sewer    | Reached XP level 6. HP: 30/30 MP: 7/7
  2352 | Sewer    | 2352 ||| READING scroll of identify.
  2352 | Sewer    | 2352 ||| IDENTIFYING scroll labelled WEUMAI CIEB
  2373 | D:3      | 2373 ||| PLANNING D:1-11
  2685 | D:4      | 2685 ||| SWAPPING to +0 orcbow.
  2687 | D:4      | Reached skill level 6 in Dodging
  2688 | D:4      | 2688 ||| DROPPING +0 shortbow.
  2820 | D:4      | Reached skill level 7 in Ranged Weapons
  2825 | D:4      | HP: 5/30 [burnt (3)]
  2826 | D:4      | Incinerated by a bombardier beetle

Levels and vault maps discovered:
D:1:      sevenhm_arrival_forest_fort_small_3, layout_basic, kennysheep_boxes
D:2:      layout_basic, uniq_terence
D:3:      layout_loops_corners, vehumet_statue,
          shapermc_ecumenical_altar_pompeii, portal_sewer_entry_c,
          uniq_crazy_yiuf_cottage
D:4:      layout_layer_cave, minmay_temple_entry_statues_pillars, minivault_11

Skill      XL: |  1  2  3  4  5  6 |
---------------+-------------------+-----
Dodging        | 3 4 5 6 |  6.0
Ranged Weapons | 5 6 7 |  7.0
Fighting       | 2 |  2.0
Stealth        | |  1.5

Action                     |  1- 3 |  4- 6 || total
---------------------------+-------+-------++-------
   Fire: Shortbow          |    96 |    79 ||   175
         Orcbow            |       |    18 ||    18
    Use: Scroll            |     9 |     2 ||    11
         Potion            |     1 |       ||     1
 Armour: Robe              |     4 |    10 ||    14
  Dodge: Dodged            |    18 |    43 ||    61

Table legend:
 A = Non-vault XP
 B = Vault XP
 C = Vault XP percentage of total XP
 D = Non-vault monster count
 E = Vault monster count
 F = Vault count percentage of total count
                 A         B        C        D         E       F
            +---------+---------+-------+---------+---------+-------
      Total |     355 |     335 |  48.6 |      54 |      19 |  26.0
            +---------+---------+-------+---------+---------+-------
        D:1 |      28 |       0 |   0.0 |      17 |       0 |   0.0
        D:2 |      29 |      32 |  52.5 |      14 |       1 |   6.7
        D:3 |      29 |      75 |  72.1 |      12 |       8 |  40.0
        D:4 |     269 |       0 |   0.0 |      11 |       0 |   0.0
      Sewer |       0 |     228 | 100.0 |       0 |      10 | 100.0
            +---------+---------+-------+---------+---------+-------
